Map: [ESL] Gresvan

Players

Kelazhur - Winner!

  • Race: Terran Terran
  • Spawn Location: 11:00

Scarlett

  • Race: Zerg Zerg
  • Spawn Location: 5:00

Event: ESL SC2 Masters 2023 Summer (Regionals)

VOD

Have the link to the VOD?

Description

Time

  • Played on: May 7, 2023, 3:52 p.m.
  • Length: 13:19

All games in this series

Show
View Real Time Build Order
Export as new Build Order

Kelazhur Terran - Winner!

Build Orders: Reaper Expand, Hellion Banshee, Mech 

Get SALT Encoding   

  12  0:00  SCV  
  13  0:12  SCV  
  14  0:17  Supply Depot  
  14  0:24  SCV  
  15  0:38  SCV  
  15  0:40  Barracks  
  16  0:44  Refinery  
  16  0:50  SCV  
  17  1:02  SCV  
  18  1:15  SCV  
  19  1:28  Reaper, Orbital Command  
  20  1:37  Command Center  
  20  1:45  Supply Depot  
  20  1:53  SCV  
  21  2:00  Marine  
  22  2:05  Factory  
  22  2:07  SCV  
  23  2:19  SCV  
  25  2:25  Barracks Reactor  
  24  2:31  SCV  
  25  2:39  Command Center  
  25  2:43  SCV  
  26  2:49  Orbital Command  
  26  2:55  SCV  
  27  3:01  Starport  
  27  3:07  SCV  
  27  3:09  Hellion x2  
  32  3:15  SCV  
  32  3:16  Barracks Tech Lab  
  32  3:19  SCV, Refinery  
  33  3:27  SCV  
  33  3:30  Hellion x2  
  39  3:34  SCV  
  39  3:40  SCV  
  40  3:45  Banshee  
  40  3:46  SCV  
  44  3:51  Hellion  
  44  3:52  Hellion, Orbital Command  
  44  3:55  SCV  
  49  3:58  SCV  
  50  4:04  Cloaking Field  
  50  4:07  SCV  
  51  4:10  SCV  
  51  4:11  Supply Depot  
  51  4:13  Hellion x2  
  56  4:18  SCV  
  56  4:19  SCV  
  56  4:22  SCV  
  59  4:26  Refinery x2  
  59  4:30  SCV  
  61  4:31  SCV  
  61  4:32  Banshee  
  61  4:34  SCV  
  61  4:36  Supply Depot  
  65  4:42  Armory  
  65  4:44  Hellion x2  
  69  4:58  SCV x3  
  72  5:00  Supply Depot  
  72  5:01  Supply Depot  
  72  5:05  Hellion x2  
  76  5:10  SCV  
  76  5:12  Factory  
  77  5:14  Factory  
  77  5:21  SCV, Banshee  
  77  5:22  SCV  
  77  5:25  Supply Depot  
  83  5:28  Orbital Command  
  83  5:33  SCV  
  83  5:34  SCV  
  84  5:40  Hellion x2  
  88  5:46  SCV x2  
  88  5:52  Terran Vehicle Weapons Level 1  
  88  5:53  Orbital Command  
  82  5:58  SCV x2  
  72  6:06  Hellion x2, Factory Tech Lab  
  72  6:07  Factory Tech Lab  
  72  6:10  SCV x2, Banshee  
  81  6:13  Hyperflight Rotors  
  77  6:20  SCV  
  77  6:22  SCV x2  
  77  6:25  Infernal Pre-Igniter, Cyclone x2  
  86  6:26  Mag-Field Accelerator  
  86  6:29  Refinery  
  86  6:30  Refinery  
  86  6:32  Supply Depot x2, SCV  
  87  6:33  Engineering Bay  
  87  6:34  SCV x2  
  87  6:39  Hellion x2  
  93  6:44  SCV  
  93  6:46  SCV x2, Factory  
  96  6:48  Factory  
  96  6:55  Supply Depot  
  96  6:56  SCV  
  96  6:57  Supply Depot  
  96  6:58  SCV  
  96  6:59  SCV  
  99  7:03  Cyclone x2  
  99  7:04  Hellion x2  
  109  7:08  SCV  
  109  7:14  SCV x2, Command Center  
  112  7:20  SCV  
  113  7:26  SCV  
  113  7:27  Hellion x2  
  113  7:29  SCV  
  119  7:31  Supply Depot  
  119  7:33  Supply Depot  
  119  7:35  Siege Tank x2  
  125  7:39  Factory Tech Lab  
  125  7:40  Factory Reactor  
  125  7:41  SCV  
  126  7:45  Armory  
  126  7:46  Supply Depot  
  126  7:51  Hellion  
  126  7:52  Hellion  
  126  7:53  Terran Vehicle Weapons Level 2  
  126  7:58  Supply Depot  
  130  7:59  Supply Depot  
  130  8:05  Siege Tank  
  133  8:07  Siege Tank x2  
  139  8:16  Hellion x3  
  142  8:29  SCV  
  142  8:34  Hellion  
  145  8:37  Siege Tank  
  145  8:38  Terran Vehicle And Ship Armor Level 1  
  145  8:39  Factory x2  
  145  8:40  Factory  
  146  8:42  SCV x3  
  146  8:44  Refinery  
  149  8:48  Refinery  
  149  8:53  Siege Tank x2  
  149  8:54  SCV x2, Hellion x2  
  149  8:55  Hellion  
  163  8:59  Command Center x2  
  163  9:01  Planetary Fortress  
  167  9:10  Hellion x2  
  167  9:27  Siege Tank x2  
  167  9:28  Factory Tech Lab x3  
  161  9:38  Siege Tank  
  134  9:53  Siege Tank x2  
  134  9:54  Siege Tank, Hellion x3  
  134  9:55  SCV x3  
  134  9:59  Siege Tank x2  
  141  10:02  Smart Servos  
  141  10:04  SCV  
  140  10:07  SCV x3  
  131  10:16  SCV  
  131  10:17  Refinery  
  131  10:20  Siege Tank  
  127  10:22  Orbital Command  
  127  10:25  Siege Tank, Hellion x2  
  127  10:26  Hellion x3  
  134  10:34  Siege Tank  
  134  10:35  Siege Tank x2  
  131  10:47  Hellion  
  131  10:48  Hellion x3  
  137  10:53  Hellion x2  
  137  10:55  Planetary Fortress  
  137  10:57  Hellion  
  139  11:05  Sensor Tower  
  139  11:07  Hellion  
  141  11:20  Hellion x4  
  141  11:21  Cyclone x3  
  158  11:35  Refinery  
  158  11:38  Refinery  
  158  11:39  Barracks x2  
  158  11:41  Ghost Academy  
  158  11:42  Barracks  
  158  11:44  Barracks Tech Lab  
  158  11:48  Command Center  
  158  11:56  Siege Tank x2  
  158  11:57  Siege Tank x3  
  158  11:58  Hellion x3  
  179  12:06  Cyclone  
  179  12:07  Hellion  
  184  12:19  Hellion x2  
  188  12:25  Ghost  
  188  12:27  Barracks Tech Lab  
  188  12:29  Barracks Tech Lab  
  194  12:45  Hellion  
  194  12:47  Barracks Tech Lab  
Show
View Real Time Build Order
Export as new Build Order

Scarlett Zerg 

Build Orders: Hatch First 

Get SALT Encoding   

  12  0:00  Drone  
  13  0:12  Overlord  
  13  0:17  Drone  
  14  0:31  Drone x2  
  16  0:47  Hatchery  
  15  0:51  Drone  
  15  0:54  Drone  
  17  0:57  Drone  
  18  1:08  Extractor  
  17  1:12  Spawning Pool  
  17  1:15  Drone  
  17  1:19  Drone  
  18  1:28  Drone  
  19  1:38  Drone  
  20  1:49  Drone  
  21  1:58  Queen x2  
  21  2:00  Zergling x4  
  27  2:10  Drone  
  27  2:11  Overlord  
  28  2:20  Hatchery  
  27  2:23  Drone  
  28  2:33  Drone x3  
  31  2:39  Queen  
  31  2:42  Metabolic Boost  
  33  2:47  Overlord  
  33  2:54  Drone  
  34  3:01  Drone x2  
  36  3:10  Drone x5  
  41  3:15  Queen  
  41  3:16  Overlord  
  43  3:22  Drone  
  44  3:27  Overlord  
  44  3:31  Queen  
  46  3:35  Drone x2  
  46  3:37  Drone  
  46  3:40  Queen  
  51  3:43  Drone x2  
  51  3:45  Drone x2  
  55  3:49  Drone x2  
  57  3:56  Zergling x6  
  57  4:01  Overlord  
  60  4:03  Queen  
  60  4:07  Zergling x4  
  64  4:16  Drone x3  
  66  4:22  Drone x6  
  71  4:26  Overlord  
  71  4:37  Queen  
  73  4:38  Overlord  
  73  4:40  Lair  
  73  4:44  Queen, Spore Crawler  
  73  4:45  Spore Crawler x2  
  72  4:47  Drone x5  
  72  4:51  Zergling x2  
  72  4:52  Zergling x4  
  80  4:55  Baneling Nest  
  79  5:00  Drone x5  
  79  5:05  Zergling x8  
  88  5:14  Hatchery  
  88  5:16  Drone x2  
  88  5:19  Extractor  
  88  5:28  Overlord x2, Drone  
  89  5:31  Extractor x3  
  89  5:34  Evolution Chamber  
  89  5:35  Evolution Chamber  
  84  5:36  Spore Crawler  
  84  5:38  Drone x6  
  89  5:47  Queen x2, Zergling x10  
  96  5:53  Spore Crawler  
  94  5:57  Drone x5  
  95  6:10  Hatchery  
  95  6:11  Drone x8  
  96  6:14  Overseer  
  94  6:18  Zerg Melee Weapons Level 1  
  94  6:19  Zerg Missile Weapons Level 1  
  94  6:20  Drone x2  
  94  6:23  Extractor  
  91  6:26  Pneumatized Carapace  
  91  6:28  Drone  
  91  6:29  Drone x5  
  95  6:34  Spore Crawler  
  95  6:35  Overlord, Drone x3  
  97  6:44  Centrifugal Hooks  
  97  6:46  Hatchery  
  96  6:47  Overlord x2  
  96  6:54  Overlord x3  
  96  7:01  Drone x9  
  105  7:02  Hydralisk Den  
  105  7:07  Drone x3  
  107  7:14  Zergling x2  
  107  7:15  Baneling, Zergling x2  
  109  7:16  Baneling x6  
  109  7:20  Overseer  
  110  7:22  Zergling x2  
  110  7:23  Zergling x2  
  110  7:27  Overlord x2  
  111  7:33  Zergling x12  
  111  7:35  Zergling x2  
  118  7:38  Baneling x6  
  118  7:43  Spore Crawler  
  118  7:44  Overlord x5  
  117  7:45  Muscular Augments  
  117  7:56  Hydralisk x8  
  133  8:13  Hydralisk x6  
  141  8:20  Hydralisk x6  
  141  8:23  Hydralisk x2  
  141  8:24  Zergling x2  
  150  8:31  Overseer x2  
  141  8:35  Zergling x22  
  141  8:37  Zergling x12  
  141  8:41  Extractor  
  145  8:49  Zergling x12  
  145  8:51  Queen x4  
  145  8:53  Zergling x4  
  158  8:56  Grooved Spines  
  158  8:59  Zergling x12  
  158  9:02  Zerg Melee Weapons Level 2  
  164  9:05  Zergling x6  
  167  9:11  Hatchery  
  167  9:16  Baneling x16  
  166  9:18  Baneling x3  
  166  9:19  Baneling x2  
  166  9:36  Drone x6  
  166  9:38  Hydralisk x6, Zergling x4  
  153  9:43  Zergling x2  
  159  9:52  Zergling x8  
  130  9:56  Hydralisk  
  100  10:01  Hydralisk x3, Zerg Missile Weapons Level 2  
  100  10:06  Zergling x16  
  99  10:24  Hydralisk x6  
  99  10:25  Zergling x12  
  106  10:33  Hatchery  
  102  10:40  Infestation Pit  
  99  10:44  Drone x8  
  105  10:50  Drone x4  
  105  10:53  Extractor  
  105  10:55  Queen  
  109  10:59  Drone  
  109  11:00  Drone x3  
  109  11:01  Drone  
  114  11:07  Hydralisk x4  
  122  11:13  Hydralisk x3  
  128  11:18  Zergling x6  
  128  11:20  Hive  
  128  11:24  Drone x3  
  134  11:31  Queen  
  132  11:35  Drone x5  
  132  11:38  Queen  
  140  11:40  Spore Crawler, Zergling x4  
  140  11:41  Baneling x6  
  140  11:48  Zergling x10  
  140  11:52  Drone  
  140  11:54  Spire, Hydralisk x2  
  145  11:58  Zergling x6  
  152  12:04  Zergling x6  
  155  12:11  Zergling x8  
  155  12:14  Baneling x5  
  159  12:18  Zergling x2  
  159  12:19  Zergling x4  
  159  12:20  Baneling x15  
  161  12:31  Hydralisk x2  
  161  12:32  Zergling x10  
  161  12:35  Zergling x2  
  161  12:36  Zergling x4  
  169  12:39  Zergling x2  
  170  12:44  Zergling x8  
  170  12:50  Viper  
  172  12:51  Overlord  
  172  12:55  Overlord x2  
  172  12:57  Extractor  
  169  13:02  Hatchery  
  156  13:05  Extractor  
Tags
 
Add a new tag
Caveats
  • Supply blocks, unpowered buildings, or Contaminate may cause inaccurate times.
  • Supply counts are checked every 10 seconds.